[ AOE2 MATCH · #484222187 ]
UnrankedKhmer vs Persians
[ REPLAY ANALYSIS · EXTRACTED FROM THE RECORDED GAME ]
Feudal
12:44
Castle
17:03
Imperial
—
| APM avg | 9.8 |
| APM peak | 32 |
| eAPM avg | 7.6 |
| Villagers / military | 34 / 0 |
Focus
⚔️ 6.6% · 🌾 93.4%
Feudal
12:24
Castle
—
Imperial
—
| APM avg | 9.6 |
| APM peak | 18 |
| eAPM avg | 7.2 |
| Villagers / military | 43 / 0 |
Focus
⚔️ 4.9% · 🌾 95.1%
Feudal
11:35
Castle
17:58
Imperial
—
| APM avg | 12.3 |
| APM peak | 29 |
| eAPM avg | 8.2 |
| Villagers / military | 38 / 0 |
Focus
⚔️ 8.6% · 🌾 91.4%
Feudal
—
Castle
—
Imperial
—
| APM avg | 10.7 |
| APM peak | 54 |
| eAPM avg | 4.0 |
| Villagers / military | 22 / 0 |
Focus
⚔️ 4.6% · 🌾 95.4%
Match map
Initial resources + every placement click. Lines = walls · curves = elevation contours. ◆ gold · ⬟ stone · ● berries · ✦ relic · ◌ wall gap
Your base· ✓ Closed at 17:03 · 11t walls · fragile
afimohkal's base· Open — unwalled flank
Phillip Smith's base· ✓ Closed at 17:58 · 27t walls · 1 gate(s) · fragile
KECHING99's base· ✓ Closed at 12:00 · 36t walls · fragile
Smoothed initial terrain · ◌ = detected wall gap · hover for details
Inputs per minute
— Fisherman - - afimohkal
Build order — Fisherman
72 actions detected in the replay
| 0:05 | Build | House |
| 0:08 | Build | House |
| 0:08 | Create | Villager (Male) |
| 0:09 | Create | Villager (Male) |
| 0:09 | Create | Villager (Male) |
| 0:09 | Create | Villager (Male) |
| 0:13 | Research | Loom |
| 0:15 | Create | Villager (Male) |
| 0:15 | Create | Villager (Male) |
| 0:15 | Create | Villager (Male) |
| 0:16 | Create | Villager (Male) |
| 1:45 | Build | Palisade Wall |
| 2:18 | Create | Villager (Male) |
| 2:46 | Create | Villager (Male) |
| 3:12 | Build | House |
| 3:23 | Create | Villager (Male) |
| 3:49 | Create | Villager (Male) |
| 3:57 | Create | Villager (Male) |
| 4:21 | Create | Villager (Male) |
| 4:49 | Create | Villager (Male) |
| 4:56 | Create | Villager (Male) |
| 5:16 | Build | Lumber Camp |
| 5:24 | Create | Villager (Male) |
| 6:03 | Build | House |
| 6:20 | Create | Villager (Male) |
| 6:30 | Create | Villager (Male) |
| 6:32 | Create | Villager (Male) |
| 6:33 | Create | Villager (Male) |
| 7:30 | Create | Villager (Male) |
| 7:39 | Build | Mill |
| 7:42 | Create | Villager (Male) |
| 7:55 | Build | House |
| 9:11 | Create | Villager (Male) |
| 9:36 | Create | Villager (Male) |
| 9:41 | Build | Mining Camp |
| 9:59 | Create | Villager (Male) |
| 10:34 | Research | Feudal Age |
| 10:57 | Build | Farm |
| 10:58 | Build | Farm |
| 10:58 | Build | Farm |
| 10:59 | Build | Farm |
| 12:19 | Create | Villager (Male) |
| 12:20 | Create | Villager (Male) |
| 12:21 | Create | Villager (Male) |
| 12:44 | Age | Feudal Age |
| 12:57 | Build | Blacksmith |
| 13:02 | Build | Market |
| 14:23 | Research | Castle Age |
| 15:16 | Build | Farm |
| 15:16 | Build | Farm |
| 15:16 | Build | Farm |
| 15:17 | Build | Farm |
| 15:17 | Build | Farm |
| 15:18 | Build | Farm |
| 15:19 | Build | Farm |
| 15:19 | Build | Farm |
| 15:20 | Build | Farm |
| 15:21 | Build | Farm |
| 15:42 | Research | Double-Bit Axe |
| 17:03 | Age | Castle Age |
| 17:06 | Build | Stone Wall |
| 17:09 | Build | Stone Wall |
| 17:15 | Create | Villager (Male) |
| 17:15 | Create | Villager (Male) |
| 17:29 | Build | Town Center |
| 17:57 | Build | House |
| 17:59 | Build | House |
| 18:00 | Build | House |
| 18:01 | Build | House |
| 18:25 | Create | Villager (Male) |
| 18:28 | Create | Villager (Male) |
| 18:29 | Create | Villager (Male) |
Build order — afimohkal
80 actions detected in the replay
| 0:01 | Create | Villager (Male) ×5 |
| 0:03 | Build | House |
| 0:06 | Build | House |
| 0:21 | Build | House |
| 0:22 | Build | House |
| 0:24 | Build | House |
| 0:53 | Build | Lumber Camp |
| 1:42 | Create | Villager (Male) |
| 1:42 | Create | Villager (Male) |
| 2:11 | Create | Villager (Male) |
| 2:11 | Create | Villager (Male) |
| 2:20 | Create | Villager (Male) |
| 2:20 | Create | Villager (Male) |
| 2:51 | Create | Villager (Male) |
| 3:31 | Create | Villager (Male) ×2 |
| 4:15 | Create | Villager (Male) |
| 4:15 | Create | Villager (Male) |
| 4:15 | Create | Villager (Male) |
| 4:16 | Create | Villager (Male) |
| 4:58 | Create | Villager (Male) |
| 4:58 | Create | Villager (Male) |
| 6:02 | Create | Villager (Male) |
| 6:03 | Create | Villager (Male) |
| 6:03 | Create | Villager (Male) |
| 6:03 | Create | Villager (Male) |
| 6:03 | Create | Villager (Male) |
| 6:19 | Build | Mill |
| 6:46 | Create | Villager (Male) |
| 6:46 | Create | Villager (Male) |
| 6:54 | Build | Mining Camp |
| 7:03 | Create | Villager (Male) |
| 7:03 | Create | Villager (Male) |
| 7:04 | Create | Villager (Male) |
| 7:04 | Create | Villager (Male) |
| 7:04 | Create | Villager (Male) |
| 7:57 | Build | Lumber Camp |
| 9:30 | Research | Feudal Age |
| 9:41 | Build | Mining Camp |
| 12:02 | Build | House |
| 12:04 | Build | House |
| 12:24 | Age | Feudal Age |
| 12:26 | Research | Wheelbarrow |
| 12:30 | Research | Horse Collar |
| 12:35 | Research | Double-Bit Axe |
| 12:48 | Build | Farm |
| 12:49 | Build | Farm |
| 12:51 | Build | Farm |
| 12:53 | Build | Farm |
| 12:54 | Build | Farm |
| 12:56 | Build | Farm |
| 12:57 | Build | Farm |
| 13:00 | Build | Farm |
| 13:01 | Build | Farm |
| 13:17 | Build | Farm |
| 13:18 | Build | Farm |
| 13:24 | Create | Villager (Male) |
| 13:24 | Create | Villager (Male) |
| 13:25 | Create | Villager (Male) |
| 13:25 | Create | Villager (Male) |
| 13:38 | Create | Villager (Male) |
| 13:38 | Create | Villager (Male) |
| 14:06 | Build | Market |
| 14:10 | Build | Blacksmith |
| 14:18 | Create | Villager (Male) |
| 14:19 | Create | Villager (Male) |
| 14:36 | Build | Farm |
| 14:37 | Build | Farm |
| 14:50 | Build | Farm |
| 15:37 | Create | Villager (Male) |
| 15:37 | Create | Villager (Male) |
| 15:42 | Build | Farm |
| 15:44 | Build | Farm |
| 15:50 | Create | Villager (Male) |
| 15:55 | Build | Farm |
| 16:40 | Build | Farm |
| 16:44 | Build | Farm |
| 17:18 | Research | Castle Age |
| 17:45 | Build | Stone Wall |
| 17:59 | Build | Gate |
| 18:07 | Build | Stone Wall |
Build order — Phillip Smith
77 actions detected in the replay
| 0:02 | Create | Villager (Male) |
| 0:02 | Create | Villager (Male) |
| 0:03 | Create | Villager (Male) |
| 0:04 | Build | House |
| 0:14 | Create | Villager (Male) |
| 0:14 | Create | Villager (Male) |
| 0:14 | Create | Villager (Male) |
| 0:26 | Build | House |
| 1:21 | Research | Loom |
| 1:28 | Create | Villager (Male) |
| 2:08 | Create | Villager (Male) |
| 2:18 | Build | Palisade Wall |
| 2:35 | Create | Villager (Male) |
| 2:53 | Build | Palisade Wall |
| 3:15 | Create | Villager (Male) |
| 3:16 | Create | Villager (Male) |
| 3:26 | Create | Villager (Male) |
| 3:26 | Create | Villager (Male) |
| 3:43 | Create | Villager (Male) |
| 4:16 | Create | Villager (Male) |
| 4:57 | Create | Villager (Male) |
| 4:57 | Create | Villager (Male) |
| 5:01 | Build | House |
| 5:34 | Create | Villager (Male) |
| 5:55 | Create | Villager (Male) |
| 6:01 | Build | House |
| 6:13 | Create | Villager (Male) |
| 6:45 | Build | Lumber Camp |
| 6:47 | Create | Villager (Male) |
| 7:03 | Create | Villager (Male) |
| 7:21 | Create | Villager (Male) |
| 7:31 | Create | Villager (Male) |
| 7:52 | Create | Villager (Male) |
| 8:07 | Build | House |
| 8:18 | Create | Villager (Male) |
| 8:56 | Build | Mill |
| 9:00 | Create | Villager (Male) |
| 9:31 | Research | Feudal Age |
| 9:36 | Build | Mining Camp |
| 10:17 | Build | House |
| 10:49 | Build | Farm |
| 11:35 | Age | Feudal Age |
| 11:38 | Create | Villager (Male) |
| 11:39 | Create | Villager (Male) |
| 11:53 | Build | Blacksmith |
| 11:59 | Create | Villager (Male) |
| 12:29 | Create | Villager (Male) |
| 12:35 | Build | Farm |
| 12:45 | Create | Villager (Male) |
| 13:16 | Build | Farm |
| 13:34 | Build | Farm |
| 13:40 | Build | Farm |
| 13:45 | Create | Villager (Male) |
| 13:51 | Create | Villager (Male) |
| 14:15 | Build | Farm |
| 14:17 | Create | Villager (Male) |
| 14:43 | Build | Market |
| 14:57 | Build | Farm |
| 15:03 | Build | Farm |
| 15:32 | Research | Castle Age |
| 15:38 | Research | Double-Bit Axe |
| 15:42 | Research | Horse Collar |
| 16:06 | Build | Mining Camp |
| 16:10 | Create | Villager (Male) |
| 16:28 | Build | Stone Wall |
| 16:36 | Build | Gate |
| 16:41 | Create | Villager (Male) |
| 16:54 | Build | Lumber Camp |
| 16:57 | Build | Farm |
| 17:01 | Build | Farm |
| 17:04 | Build | Farm |
| 17:58 | Age | Castle Age |
| 18:01 | Create | Villager (Male) |
| 18:14 | Research | Bow Saw |
| 18:18 | Research | Heavy Plow |
| 18:40 | Build | Stone Wall |
| 18:44 | Build | Gate |
Build order — KECHING99
31 actions detected in the replay
| 0:06 | Build | House |
| 0:09 | Research | Loom |
| 0:10 | Create | Villager (Male) |
| 0:10 | Create | Villager (Male) |
| 0:10 | Create | Villager (Male) |
| 1:59 | Build | Palisade Wall |
| 2:14 | Create | Villager (Male) |
| 2:14 | Create | Villager (Male) |
| 2:14 | Create | Villager (Male) |
| 2:15 | Create | Villager (Male) |
| 2:35 | Build | Palisade Wall |
| 3:40 | Create | Villager (Male) |
| 4:03 | Build | House |
| 4:05 | Build | House |
| 4:18 | Create | Villager (Male) |
| 4:18 | Create | Villager (Male) |
| 4:19 | Create | Villager (Male) |
| 5:32 | Build | Palisade Wall |
| 5:59 | Build | Mill |
| 6:06 | Create | Villager (Male) |
| 6:06 | Create | Villager (Male) |
| 6:06 | Create | Villager (Male) |
| 6:06 | Create | Villager (Male) |
| 6:08 | Create | Villager (Male) |
| 7:03 | Create | Villager (Male) |
| 7:03 | Create | Villager (Male) |
| 8:16 | Create | Villager (Male) |
| 8:16 | Create | Villager (Male) |
| 8:16 | Create | Villager (Male) |
| 8:21 | Build | Lumber Camp |
| 8:44 | Create | Villager (Male) |
Match timeline
| 1:45 | Fisherman · wall_segment Palisade Wall x11 |
| 1:59 | KECHING99 · wall_segment Palisade Wall x13 |
| 2:18 | Phillip Smith · wall_segment Palisade Wall x8 |
| 2:35 | KECHING99 · wall_segment Palisade Wall x9 |
| 2:53 | Phillip Smith · wall_segment Palisade Wall x13 |
| 5:32 | KECHING99 · wall_segment Palisade Wall x14 |
| 11:21 | KECHING99 · resign |
| 11:35 | Phillip Smith · age_up feudal |
| 12:24 | afimohkal · age_up feudal |
| 12:44 | Fisherman · age_up feudal |
| 14:19 | Fisherman · first_market_sell 100 stone |
| 14:20 | Fisherman · first_market_buy 100 food |
| 16:28 | Phillip Smith · wall_segment Stone Wall x12 |
| 17:03 | Fisherman · age_up castle |
| 17:06 | Fisherman · wall_segment Stone Wall x10 |
| 17:09 | Fisherman · wall_segment Stone Wall x1 |
| 17:45 | afimohkal · wall_segment Stone Wall x2 |
| 17:58 | Phillip Smith · age_up castle |
| 18:07 | afimohkal · wall_segment Stone Wall x4 |
| 18:40 | Phillip Smith · wall_segment Stone Wall x14 |
[ AI ANALYSIS · 1 CREDIT ]
What really happened in this match?
Wolo.gg analyzes every decision: build order, eco, micro, common mistakes by bracket. Personalized analysis on WhatsApp or Discord in 30 seconds.
Civ guide
Khmer
Perfil
Jugador #1216548